 Dungeon Crawl Stone Soup version 0.28.0-53-g5a82cb258f (webtiles) character file.

Game seed: 18213150427025226246

145 quokkamancerX the Magician (level 4, -7/33 HPs)
             Began as a Demigod Conjurer on July 6, 2022.
             Mangled by a gnoll shaman
             ... wielding a +0 whip
              (10 damage)
             ... on level 3 of the Dungeon.
             The game lasted 00:08:55 (3449 turns).

quokkamancerX the Magician (Demigod Conjurer)       Turns: 3449, Time: 00:08:56

Health: -7/33      AC:  3    Str: 12    XL:     4   Next: 78%
Magic:  13/22      EV: 11    Int: 20    God:
Gold:   102        SH:  0    Dex: 12    Spells: 8/11 levels left

rFire   . . .      SeeInvis .   c - +0 dagger
rCold   . . .      Faith    .   (no shield)
rNeg    . . .      Spirit   .   k - +0 leather armour
rPois   .          Reflect  .   (no helmet)
rElec   .          Harm     .   (no cloak)
rCorr   .          Rampage  .   (no gloves)
Will    .....                   (no boots)
Stlth   ++........              (no amulet)
HPRegen 0.11/turn               b - ring of magical power
MPRegen 0.18/turn               m - +4 ring of slaying

@: no status effects
A: high MP 1, forlorn, divine attributes
a: no special abilities


You were on level 3 of the Dungeon.
You visited 1 branch of the dungeon, and saw 4 of its levels.

You collected 102 gold pieces.

Inventory:

Hand Weapons
 c - a +0 dagger (weapon)
Armour
 k - a +0 leather armour (worn)
Jewellery
 b - a ring of magical power (left hand)
 h - a ring of flight
 i - the ring "Tis Rint" {rN+ Will- Int+6 SInv}
   (You found it on level 2 of the Dungeon)

   [ring of intelligence]

   Int:       It affects your intelligence (+6).
   rN:        It protects you from negative energy.
   SInv:      It lets you see invisible.
   Will:      It decreases your willpower.
 m - a +4 ring of slaying (right hand)
Scrolls
 d - a scroll of fog
 e - 2 scrolls of identify {unknown}
 f - a scroll of teleportation
 l - a scroll of enchant weapon {unknown}
Potions
 a - a potion of brilliance {unknown}
 g - a potion of magic {unknown}
 j - a potion of haste {unknown}


   Skills:
 - Level 1.7 Dodging
 - Level 1.7 Stealth
 + Level 4.4 Spellcasting
 - Level 3.6 Conjurations


You had 8 spell levels left.
You knew the following spells:

 Your Spells              Type           Power      Damage    Failure   Level
a - Magic Dart            Conj           72%        1d6       3%          1
b - Searing Ray           Conj           36%        2d5       5%          2

Your spell library contained the following spells:

 Spells                   Type           Power      Damage    Failure   Level
 Dazzling Flash           Conj/Hex       22%        N/A       22%         3
 Fulminant Prism          Conj/Hex       5%         3d7       58%         4
 Iskenderun's Mystic Bla  Conj/Tloc      11%        2d4       58%         4
 Malign Gateway           Summ/Tloc      2%         N/A       100%        7
 Summon Horrible Things   Summ           2%         N/A       100%        8


Dungeon Overview and Level Annotations

Branches:
Dungeon (4/15)
 Temple: D:4-7

Shops:
D:1 (


Innate Abilities, Weirdness & Mutations

You have an increased reservoir of magic. (+10% MP)
You shall have no god before yourself.
Your divine heritage dramatically boosts your attributes as you level up.


Message History

Casting: Magic Dart (safe; 3% risk of failure)
Confirm with . or Enter, or press ? or * to list all spells.
Aiming: Searing Ray (safe; 5% risk of failure)
Press: ? - help, Shift-Dir - straight line, f - gnoll shaman
Aim: a gnoll shaman, wielding a +0 whip and wearing a +0 leather armour (81% to hit)
The searing ray hits the gnoll shaman.
The gnoll shaman is lightly wounded. (Press . to maintain the ray.)
The gnoll shaman closely misses you.
The searing ray hits the gnoll shaman but does no damage.
The gnoll shaman is lightly wounded.
The gnoll shaman hits you with a +0 whip.
The searing ray hits the gnoll shaman.
The gnoll shaman is lightly wounded.
The gnoll shaman barely misses you.
The searing ray hits the gnoll shaman but does no damage.
The gnoll shaman is lightly wounded.
You finish channelling your searing ray.
The gnoll shaman hits you with a +0 whip.
Casting: Searing Ray (safe; 5% risk of failure)
Confirm with . or Enter, or press ? or * to list all spells.
Aiming: Searing Ray (safe; 5% risk of failure)
Press: ? - help, Shift-Dir - straight line, f/p - gnoll shaman
Aim: a gnoll shaman, wielding a +0 whip and wearing a +0 leather armour (lightly wounded, 81% to hit)
The searing ray hits the gnoll shaman but does no damage.
The gnoll shaman is lightly wounded. (Press . to maintain the ray.)
The gnoll shaman hits you with a +0 whip!
The searing ray hits the gnoll shaman but does no damage.
The gnoll shaman is lightly wounded.
The gnoll shaman hits you with a +0 whip!
* * * LOW HITPOINT WARNING * * *
The searing ray hits the gnoll shaman.
The gnoll shaman is moderately wounded.
The gnoll shaman barely misses you.
The searing ray hits the gnoll shaman.
The gnoll shaman is heavily wounded.
You finish channelling your searing ray.
The gnoll shaman hits you with a +0 whip!
You die...

...#.......#<..(.........#.....#
#...........#....#.#.#....>#####
.........................#.#
###.##..###.#......#.##..#.#
#..#......##.###.#.##....#
##.#....#..........##.####
##.####.#...)#.....##.#
###.....#.####.#g.......#
................@....####
###.#...#.####.##....#
###.##..#.# #.##....#
..........####)##....#
........###....##....# ........#
#[##.####### ######..###.##.####
#..#.........# #............#


You could see a gnoll shaman.

Vanquished Creatures
  A howler monkey (D:3)
  Terence (D:2)
  3 adders
  A worm (D:2)
  A dart slug (D:1)
  5 bats
  4 endoplasms
  5 giant cockroaches
  8 goblins
  5 hobgoblins
  A kobold (D:1)
  4 quokkas
  2 ball pythons (D:3)
  A frilled lizard (D:3)
  A rat (D:2)
43 creatures vanquished.

Notes
Turn   | Place    | Note
-------+----------+-------------------------------------------
     0 | D:1      | quokkamancerX the Demigod Conjurer began the quest for the
                  | Orb.
     0 | D:1      | Reached XP level 1. HP: 14/14 MP: 5/5
    38 | D:1      | Reached skill level 2 in Spellcasting
    87 | D:1      | You fall into a shaft and drop 1 floor!
   197 | D:2      | Reached XP level 2. HP: 20/20 MP: 1/8
   299 | D:2      | Noticed Terence
   549 | D:1      | Learned a level 2 spell: Searing Ray
   810 | D:1      | Found Udamy's Antique Weapon Shop.
   834 | D:1      | Reached skill level 3 in Spellcasting
  1026 | D:1      | Reached XP level 3. HP: 26/26 MP: 8/10
  1497 | D:2      | Identified the ring "Tis Rint" {rN+ Will- Int+6 SInv}
  2003 | D:2      | Killed Terence
  2559 | D:3      | Reached XP level 4. HP: 33/33 MP: 12/12
  2713 | D:3      | Reached skill level 4 in Spellcasting
  2842 | D:3      | Noticed a centaur
  2843 | D:3      | Noticed an ice beast
  3449 | D:3      | Mangled by a gnoll shaman

Illustrated notes

Levels and vault maps discovered:
D:1:      dpeg_arrival_simpleton_b, layout_basic,
          ebering_ecumenical_altar_abandoned, serial_shops, shop_fountains
D:2:      layout_basic, uniq_terence
D:3:      layout_basic, lightli_corner_chamber
D:4:      layout_basic, mainiacjoe_overflow_alcove_1, tso_altar,
          nicolae_overflow_hidden_temple, uniq_edmund

Skill      XL: |  1  2  3  4 |
---------------+-------------+-----
Spellcasting   | 2 3 4 |  4.4
Dodging        | |  1.7
Stealth        | |  1.7
Conjurations   | |  3.6

Action                   |  1- 3 |  4- 6 || total
-------------------------+-------+-------++-------
Melee: Dagger            |     4 |     9 ||    13
 Cast: Magic Dart        |    85 |    14 ||    99
       Searing Ray       |     4 |     3 ||     7
  Use: Scroll            |       |     2 ||     2
Armor: Robe              |     1 |       ||     1
       Leather armour    |       |     3 ||     3
Dodge: Dodged            |    11 |     9 ||    20
